 Dungeon Crawl Stone Soup version 0.22-a0-605-g9281fa2 (webtiles) character file.

5 Gildeon the Grave Robber (level 1, -1/13 HPs)
             Began as a Mummy Necromancer on July 8, 2018.
             Slain by a jackal (2 damage)
             ... on level 1 of the Dungeon.
             The game lasted 00:02:08 (136 turns).

Gildeon the Grave Robber (Mummy Necromancer)         Turns: 136, Time: 00:02:08

Health: -1/13      AC:  2    Str: 11    XL:     1   Next: 66%
Magic:  1/4        EV: 12    Int: 14    God:
Gold:   7          SH:  0    Dex: 12    Spells: 3/5 levels left

rFire    x . .     SeeInvis .   c - +0 dagger
rCold    + . .     Gourm    .   (no shield)
rNeg     + + +     Faith    .   a - +0 robe
rPois    ∞         Spirit   .   (no helmet)
rElec    .         Reflect  .   (no cloak)
rCorr    .         Harm     .   (no gloves)
MR       .....                  (no boots)
Stlth    ++........             (no amulet)
HPRegen  0.04/turn              (no ring)
MPRegen  0.09/turn              (no ring)

@: no status effects
A: no food or potions, fire vulnerability, cold resistance 1, negative energy
resistance 3, torment resistance, unbreathing
a: no special abilities


You were on level 1 of the Dungeon.
You were not hungry.

You visited 1 branch of the dungeon, and saw 1 of its levels.

You collected 7 gold pieces.

Inventory:

Hand Weapons
 c - a +0 dagger (weapon)
Armour
 a - a +0 robe (worn)
Jewellery
 b - an uncursed ring of protection from cold {unknown}
Scrolls
 d - a scroll of remove curse {unknown}


   Skills:
 - Level 1.5 Dodging
 + Level 1.8 Stealth
 + Level 2.9 Spellcasting
 + Level 4.1 Necromancy


You had 3 spell levels left.
You knew the following spells:

 Your Spells              Type           Power        Failure   Level  Hunger
a - Pain                  Necr           ##..         4%          1    N/A
b - Animate Skeleton      Necr           N/A          4%          1    N/A

Your spell library contained the following spells:

 Spells                   Type           Power        Failure   Level  Hunger
 Animate Dead             Necr           N/A          38%         4    N/A
 Vampiric Draining        Necr           ##........   12%         3    N/A
 Regeneration             Chrm/Necr      #.........   28%         3    N/A

Dungeon Overview and Level Annotations

Branches:
Dungeon (1/15)

Altars:


Innate Abilities, Weirdness & Mutations

You do not eat or drink.
Your flesh is vulnerable to fire.
You are immune to poison.
Your flesh is cold resistant. (rC+)
You are immune to negative energy. (rN+++)
You are immune to unholy pain and torment.
You can survive without breathing.


Message History

The jackal barely misses you.
Casting: Pain (safe; 4% risk of failure)
Confirm with . or Enter, or press ? or * to list all spells.
You don't have enough magic to cast that spell.
Unknown command.
You hit the jackal but do no damage.
The jackal is almost dead.
The jackal barely misses you. The rat bites you but does no damage.
The jackal closely misses you.
You barely miss the jackal.
The jackal is almost dead.
The jackal misses you. The rat misses you.
There is a fountain of clear blue water here.
The jackal bites you.
* * * LOW HITPOINT WARNING * * *
The goblin barely misses you. The jackal closely misses you.
There is a dry fountain here.
The jackal bites you.
You die...

# ###########
####.........####
##....(..........##
#......⌠...⌠......#
#...⌠.........⌠...##
....)....≈.........#
...⌠...........⌠...#
......≈.....≈..r@.<#
...⌠...........h...#
.........≈....gg...#
#...⌠.......g.⌠...##
#......⌠...⌠......#
##...............##
####..)......####
###########


You could see a jackal, 2 hobgoblins, a goblin and a rat.

Vanquished Creatures
  2 hobgoblins (D:1)
  2 jackals (D:1)
4 creatures vanquished.

Notes
Turn   | Place    | Note
-------+----------+-------------------------------------------
     0 | D:1      | Gildeon the Mummy Necromancer began the quest for the Orb.
     0 | D:1      | Reached XP level 1. HP: 13/13 MP: 4/4
     2 | D:1      | Learned a level 1 spell: Animate Skeleton
   136 | D:1      | Slain by a jackal

Vault maps used:
D:1:      dpeg_arrival_stone_temple_mockup

Action                   || total
-------------------------++-------
Melee: Dagger            ||    10
 Cast: Pain              ||     9
Armor: Robe              ||     5
Dodge: Dodged            ||    23

Table legend:
 A = Spawn XP
 B = Non-spawn XP
 C = Spawn XP percentage of total XP
 D = Spawn monster count
 E = Non-spawn monster count
 F = Spawn count percentage of total count
 G = Total turns spent on level
                    A         B        C        D         E        F      G
               +---------+---------+-------+---------+---------+-------+---------
         Total |       0 |       8 |   0.0 |       0 |       4 |   0.0 |   136
               +---------+---------+-------+---------+---------+-------+---------
           D:1 |       0 |       8 |   0.0 |       0 |       4 |   0.0 |   136
               +---------+---------+-------+---------+---------+-------+---------
